HBL
JACKSONVILLE SUNS @ MILWAUKEE OTTERS
07/06/1997
 
TOP OF THE 1ST
Jacksonville Suns batting - Pitching for Milwaukee Otters : LHP Allen Watson
Pitching: LHP Allen Watson
Batting: RHB Chris Gomez 0-0: Called Strike
0-1: Called Strike
0-2: Ball
1-2: Foul Ball, location: 2F
1-2: Ball
2-2: DOUBLE (Groundball, 5L, EV 101.3 MPH)
Batting: RHB Angel Echevarria 0-0: Fly out, F2 (Popup, 2LF, EV 84.4 MPH)
Batting: RHB Damon Buford 0-0: Ball
1-0: Ground out 5-3 (Groundball, 56S, EV 81.3 MPH)
Batting: RHB Ozzie Timmons 0-0: Ball
1-0: Called Strike
1-1: Ball
2-1: Ball
3-1: Fly out, F9 (Line Drive, 9D, EV 95.0 MPH)
Top of the 1st over - 0 runs, 1 hit, 0 errors, 1 left on base; Jacksonville 0 - Milwaukee 0
BOTTOM OF THE 1ST
Milwaukee Otters batting - Pitching for Jacksonville Suns : RHP Clint Sodowsky
Pitching: RHP Clint Sodowsky
Batting: RHB Chris Sabo 0-0: Called Strike
0-1: Called Strike
0-2: Ball
1-2: Foul Ball, location: 2F
1-2: Strikes out looking
Batting: LHB Lou Whitaker 0-0: Foul Ball, location: 2F
0-1: Ball
1-1: SOLO HOME RUN (Flyball, 9LD, EV 93.1 MPH), Distance : 354 ft
Batting: LHB Brady Anderson 0-0: Called Strike
0-1: Foul Ball, location: 2F
0-2: Ball
1-2: Foul Ball, location: 2F
1-2: Ball
2-2: Fly out, F8 (Flyball, 8RD, EV 96.9 MPH)
Batting: LHB Oddibe McDowell 0-0: Called Strike
0-1: Ball
1-1: Ball
2-1: Ball
3-1: Base on Balls
Batting: RHB Cal Ripken Jr. 0-0: Ball
1-0: Ball
2-0: Foul Ball, location: 2F
2-1: Ball
3-1: Foul Ball, location: 2F
3-2: SINGLE (Flyball, 78M, EV 86.9 MPH)
Oddibe McDowell to second
Oddibe McDowell to third
Batting: RHB Robby Thompson 0-0: Called Strike
0-1: Called Strike
0-2: Ball
1-2: Strikes out looking
Bottom of the 1st over - 1 run, 2 hits, 0 errors, 2 left on base; Jacksonville 0 - Milwaukee 1
TOP OF THE 2ND
Jacksonville Suns batting - Pitching for Milwaukee Otters : LHP Allen Watson
Batting: RHB Doug Mirabelli 0-0: Ground out 5-3 (Groundball, 56S, EV 90.6 MPH)
Batting: LHB Sean Casey 0-0: Ball
1-0: Ball
2-0: SINGLE (Flyball, 89M, EV 93.8 MPH)
Batting: RHB Jeff Reboulet 0-0: Ball
1-0: Called Strike
1-1: Ball
2-1: Foul Ball, location: 2F
2-2: Foul Ball, location: 2F
2-2: Grounds into double play, 4-6-3 (Groundball, 4, EV 79.4 MPH)
Top of the 2nd over - 0 runs, 1 hit, 0 errors, 0 left on base; Jacksonville 0 - Milwaukee 1
BOTTOM OF THE 2ND
Milwaukee Otters batting - Pitching for Jacksonville Suns : RHP Clint Sodowsky
Batting: LHB Frank Catalanotto 0-0: Called Strike
0-1: Ball
1-1: Foul Ball, location: 2F
1-2: Strikes out looking
Batting: RHB Joe Vitiello 0-0: Ball
1-0: Fly out, F7 (Line Drive, 7D, EV 98.1 MPH)
Batting: RHB Brian Harper 0-0: Called Strike
0-1: Fly out, F9 (Flyball, 89S, EV 83.8 MPH)
Bottom of the 2nd over - 0 runs, 0 hits, 0 errors, 0 left on base; Jacksonville 0 - Milwaukee 1
TOP OF THE 3RD
Jacksonville Suns batting - Pitching for Milwaukee Otters : LHP Allen Watson
Batting: LHB Ryan McGuire 0-0: Foul Ball, location: 2F
0-1: Foul Ball, location: 2F
0-2: Ball
1-2: Ball
2-2: Fly out, F9 (Flyball, 9, EV 83.1 MPH)
Batting: RHB Jorge Velandia 0-0: Foul Ball, location: 2F
0-1: Foul Ball, location: 2F
0-2: Fly out, F6 (Line Drive, 6, EV 62.5 MPH)
Batting: RHB Chris Gomez 0-0: Ball
1-0: Fly out, F9 (Flyball, 9LS, EV 78.8 MPH)
Top of the 3rd over - 0 runs, 0 hits, 0 errors, 0 left on base; Jacksonville 0 - Milwaukee 1
BOTTOM OF THE 3RD
Milwaukee Otters batting - Pitching for Jacksonville Suns : RHP Clint Sodowsky
Batting: RHB Chris Sabo 0-0: Ball
1-0: Called Strike
1-1: Ball
2-1: Foul Ball, location: 2F
2-2: Ground out 2-3 (Groundball, 2R, EV 73.1 MPH)
Batting: LHB Lou Whitaker 0-0: Ball
1-0: Called Strike
1-1: Ball
2-1: Ball
3-1: Swinging Strike
3-2: Strikes out looking
Batting: LHB Brady Anderson 0-0: Swinging Strike
0-1: Ball
1-1: Ball
2-1: Ball
3-1: Base on Balls
Batting: LHB Oddibe McDowell 0-0: Foul Ball, location: 2F
0-1: Fly out, F7 (Flyball, 7LMF, EV 95.0 MPH)
Bottom of the 3rd over - 0 runs, 0 hits, 0 errors, 1 left on base; Jacksonville 0 - Milwaukee 1
TOP OF THE 4TH
Jacksonville Suns batting - Pitching for Milwaukee Otters : LHP Allen Watson
Batting: RHB Angel Echevarria 0-0: Ball
1-0: Called Strike
1-1: Ball
2-1: Reached on error, E5 (Groundball, 5, EV 87.5 MPH)
Batting: RHB Damon Buford 0-0: Ball
1-0: Ball
2-0: Ball
3-0: Called Strike
3-1: Called Strike
3-2: Fly out, F7 (Flyball, 78D, EV 103.8 MPH)
Batting: RHB Ozzie Timmons 0-0: Ball
1-0: Ball
2-0: Ball
3-0: Called Strike
3-1: Base on Balls
Angel Echevarria to second
Batting: RHB Doug Mirabelli 0-0: Ball
Wild Pitch!
Angel Echevarria to third
Ozzie Timmons to second
1-0: Foul Ball, location: 2F
1-1: Ball
2-1: Called Strike
2-2: Ball
3-2: Strikes out swinging
Batting: LHB Sean Casey 0-0: Ball
1-0: Called Strike
1-1: Swinging Strike
1-2: Strikes out looking
Top of the 4th over - 0 runs, 0 hits, 1 error, 2 left on base; Jacksonville 0 - Milwaukee 1
BOTTOM OF THE 4TH
Milwaukee Otters batting - Pitching for Jacksonville Suns : RHP Clint Sodowsky
Batting: RHB Cal Ripken Jr. 0-0: Called Strike
0-1: Swinging Strike
0-2: Strikes out swinging
Batting: RHB Robby Thompson 0-0: Ball
1-0: SINGLE (Flyball, 78S, EV 87.5 MPH)
Batting: LHB Frank Catalanotto 0-0: Called Strike
0-1: Called Strike
0-2: Foul Ball, location: 2F
0-2: Ball
Robby Thompson is caught stealing 2nd base 2-6
1-2: Ball
2-2: Ball
3-2: Base on Balls
Batting: RHB Joe Vitiello 0-0: Swinging Strike
0-1: Ball
1-1: Ground out 6-3 (Groundball, 6MS, EV 88.1 MPH)
Bottom of the 4th over - 0 runs, 1 hit, 0 errors, 1 left on base; Jacksonville 0 - Milwaukee 1
TOP OF THE 5TH
Jacksonville Suns batting - Pitching for Milwaukee Otters : LHP Allen Watson
Batting: RHB Jeff Reboulet 0-0: Called Strike
0-1: Ball
1-1: Ball
2-1: Ball
3-1: Base on Balls
Batting: LHB Ryan McGuire 0-0: Called Strike
0-1: Ball
1-1: Swinging Strike
1-2: Ball
2-2: Ball
3-2: Fly out, F7 (Flyball, 78S, EV 95.6 MPH)
Batting: RHB Jorge Velandia 0-0: Ball
1-0: Called Strike
1-1: Fly out, F7 (Flyball, 78D, EV 97.5 MPH)
Batting: RHB Chris Gomez 0-0: Ball
1-0: SINGLE (Line Drive, 7S, EV 106.9 MPH)
Jeff Reboulet to second
Batting: RHB Angel Echevarria 0-0: Fly out, F9 (Flyball, 9LS, EV 73.8 MPH)
Top of the 5th over - 0 runs, 1 hit, 0 errors, 2 left on base; Jacksonville 0 - Milwaukee 1
BOTTOM OF THE 5TH
Milwaukee Otters batting - Pitching for Jacksonville Suns : RHP Clint Sodowsky
Batting: RHB Brian Harper 0-0: Ball
1-0: Foul Ball, location: 2F
1-1: Called Strike
1-2: Strikes out swinging
Batting: RHB Chris Sabo 0-0: Fly out, F7 (Line Drive, 7, EV 100.6 MPH)
Batting: LHB Lou Whitaker 0-0: Ball
1-0: Called Strike
1-1: Ball
2-1: Ground out 4-3 (Groundball, 4, EV 91.9 MPH)
Bottom of the 5th over - 0 runs, 0 hits, 0 errors, 0 left on base; Jacksonville 0 - Milwaukee 1
TOP OF THE 6TH
Jacksonville Suns batting - Pitching for Milwaukee Otters : LHP Allen Watson
Batting: RHB Damon Buford 0-0: Ball
1-0: Ball
2-0: Ball
3-0: Called Strike
3-1: Called Strike
3-2: Fly out, F7 (Line Drive, 7, EV 92.5 MPH)
Batting: RHB Ozzie Timmons 0-0: SINGLE (Line Drive, 5D, EV 96.9 MPH)
Batting: RHB Doug Mirabelli 0-0: Ball
1-0: Called Strike
1-1: Foul Ball, location: 2F
1-2: Fly out, F7 (Flyball, 78S, EV 89.4 MPH)
Pitching: RHP Marc Pisciotta
Batting: LHB Sean Casey 0-0: Swinging Strike
0-1: Ball
1-1: DOUBLE (Line Drive, 7LS, EV 110.6 MPH)
Ozzie Timmons to third
Batting: RHB Jeff Reboulet 0-0: SINGLE (Line Drive, 6D, EV 94.4 MPH)
Ozzie Timmons scores
Sean Casey to third
Runner from 3rd tries for Home, SAFE, no throw by CF
Batting: LHB Ryan McGuire 0-0: Foul Ball, location: 2F
0-1: Ball
1-1: Foul Ball, location: 2F
1-2: Ball
2-2: Fielders Choice at 2nd, 6-4 (Groundball, 6, EV 101.9 MPH)
Top of the 6th over - 2 runs, 3 hits, 0 errors, 1 left on base; Jacksonville 2 - Milwaukee 1
BOTTOM OF THE 6TH
Milwaukee Otters batting - Pitching for Jacksonville Suns : RHP Clint Sodowsky
Batting: LHB Brady Anderson 0-0: Fly out, F5 (Line Drive, 5, EV 71.9 MPH)
Batting: LHB Oddibe McDowell 0-0: Ball
1-0: Swinging Strike
1-1: Called Strike
1-2: Ball
2-2: Foul Ball, location: 2F
2-2: Fly out, F4 (Popup, 4D, EV 50.0 MPH)
Batting: RHB Cal Ripken Jr. 0-0: Called Strike
0-1: Ball
1-1: Ball
2-1: Ball
3-1: Base on Balls
Batting: RHB Robby Thompson 0-0: Ball
1-0: Ball
2-0: Called Strike
2-1: Ball
3-1: Foul Ball, location: 2F
3-2: Foul Ball, location: 2F
3-2: Base on Balls
Cal Ripken Jr. to second
Batting: LHB Frank Catalanotto 0-0: Ball
1-0: Called Strike
1-1: Ball
2-1: Ball
3-1: Base on Balls
Cal Ripken Jr. to third
Robby Thompson to second
Batting: RHB Joe Vitiello 0-0: Called Strike
0-1: Fly out, F9 (Flyball, 9D, EV 98.1 MPH)
Bottom of the 6th over - 0 runs, 0 hits, 0 errors, 3 left on base; Jacksonville 2 - Milwaukee 1
TOP OF THE 7TH
Jacksonville Suns batting - Pitching for Milwaukee Otters : RHP Marc Pisciotta
Batting: RHB Jorge Velandia 0-0: Called Strike
0-1: Ball
1-1: Ball
2-1: SINGLE (Groundball, 56D, EV 103.8 MPH)
Pitching: RHP Todd Ritchie
Batting: RHB Chris Gomez 0-0: Ball
1-0: Swinging Strike
1-1: Fly out, F7 (Flyball, 7LSF, EV 72.5 MPH)
Batting: RHB Angel Echevarria 0-0: Called Strike
0-1: Ball
1-1: Ball
2-1: Foul Ball, location: 2F
2-2: SINGLE (Groundball, 6MD, EV 106.9 MPH)
Jorge Velandia to second
Runner from 2nd tries for 3rd, SAFE, throw by CF made to third
Batting: RHB Damon Buford 0-0: Ball
1-0: Ball
2-0: Ball
3-0: Base on Balls
Angel Echevarria to second
Batting: RHB Ozzie Timmons 0-0: Foul Ball, location: 2F
0-1: Fly out, F7 (Flyball, 7S, EV 88.8 MPH)
Batting: RHB Doug Mirabelli 0-0: Ball
1-0: Fly out, F7 (Flyball, 78M, EV 91.3 MPH)
Top of the 7th over - 0 runs, 2 hits, 0 errors, 3 left on base; Jacksonville 2 - Milwaukee 1
BOTTOM OF THE 7TH
Milwaukee Otters batting - Pitching for Jacksonville Suns : RHP Clint Sodowsky
Pitching: RHP Jack McDowell
Batting: RHB Brian Harper 0-0: Swinging Strike
0-1: Foul Ball, location: 2F
0-2: Foul Ball, location: 2F
0-2: Ball
1-2: Strikes out swinging
Batting: RHB Chris Sabo 0-0: Ball
1-0: Ball
2-0: Called Strike
2-1: Ball
3-1: Ground out 5-3 (Groundball, 56S, EV 82.5 MPH)
Batting: LHB Lou Whitaker 0-0: Foul Ball, location: 2F
0-1: Ball
1-1: Foul Ball, location: 2F
1-2: Fly out, F4 (Popup, 4, EV 50.6 MPH)
Bottom of the 7th over - 0 runs, 0 hits, 0 errors, 0 left on base; Jacksonville 2 - Milwaukee 1
TOP OF THE 8TH
Jacksonville Suns batting - Pitching for Milwaukee Otters : RHP Todd Ritchie
Batting: LHB Sean Casey 0-0: Ball
1-0: Ground out 1-3 (Groundball, 13, EV 79.4 MPH)
Batting: RHB Jeff Reboulet 0-0: Called Strike
0-1: Called Strike
0-2: Strikes out swinging
Batting: LHB Ryan McGuire 0-0: Called Strike
0-1: Ball
1-1: Ball
2-1: Ball
3-1: Called Strike
3-2: Base on Balls
Batting: RHB Jorge Velandia 0-0: Called Strike
0-1: Swinging Strike
0-2: Strikes out looking
Top of the 8th over - 0 runs, 0 hits, 0 errors, 1 left on base; Jacksonville 2 - Milwaukee 1
BOTTOM OF THE 8TH
Milwaukee Otters batting - Pitching for Jacksonville Suns : RHP Jack McDowell
Batting: LHB Brady Anderson 0-0: Called Strike
0-1: Foul Ball, location: 2F
0-2: Ball
1-2: Ball
2-2: Ball
3-2: Foul Ball, location: 2F
3-2: Fly out, F8 (Line Drive, 8RM, EV 91.3 MPH)
Batting: LHB Oddibe McDowell 0-0: Ball
1-0: Swinging Strike
1-1: Swinging Strike
1-2: Foul Ball, location: 2F
1-2: Strikes out looking
Batting: RHB Cal Ripken Jr. 0-0: Ball
1-0: SINGLE (Flyball, 89S, EV 95.6 MPH)
Batting: RHB Robby Thompson 0-0: Fly out, F6 (Line Drive, 6, EV 68.1 MPH)
Bottom of the 8th over - 0 runs, 1 hit, 0 errors, 1 left on base; Jacksonville 2 - Milwaukee 1
TOP OF THE 9TH
Jacksonville Suns batting - Pitching for Milwaukee Otters : RHP Todd Ritchie
Batting: RHB Chris Gomez 0-0: Ball
1-0: Ball
2-0: Ball
3-0: Base on Balls
Pitching: RHP Dan Miceli
Batting: RHB Angel Echevarria 0-0: Foul Ball, location: 2F
0-1: Ball
1-1: Foul Ball, location: 2F
1-2: Strikes out looking
Pitching: LHP Mike Myers
Batting: RHB Damon Buford 0-0: Called Strike
0-1: Foul Ball, location: 2F
0-2: Ball
1-2: Ball
2-2: Ball
3-2: Foul Ball, location: 2F
3-2: Base on Balls
Chris Gomez to second
Pitching: RHP Mark Clear
Batting: RHB Ozzie Timmons 0-0: Grounds into double play, 6-4-3 (Groundball, 6, EV 91.3 MPH)
Top of the 9th over - 0 runs, 0 hits, 0 errors, 1 left on base; Jacksonville 2 - Milwaukee 1
BOTTOM OF THE 9TH
Milwaukee Otters batting - Pitching for Jacksonville Suns : RHP Jack McDowell
Pitching: RHP Shayne Bennett
Now in LF: Rich Butler
Batting: LHB Frank Catalanotto 0-0: Ground out 4-3 (Groundball, 34, EV 105.6 MPH)
Batting: RHB Joe Vitiello 0-0: Ball
1-0: Called Strike
1-1: Ball
2-1: Ball
3-1: Called Strike
3-2: Ground out 1-3 (Groundball, 34S, EV 92.5 MPH)
Pinch Hitting: LHB Deion Sanders 0-0: Called Strike
0-1: Ball
1-1: Ball
2-1: Foul Ball, location: 2F
2-2: Strikes out swinging
Bottom of the 9th over - 0 runs, 0 hits, 0 errors, 0 left on base; Jacksonville 2 - Milwaukee 1
Thursday, March 5th, 2026 - OOTP Baseball 20.8 Build 74